 Dungeon Crawl Stone Soup version 0.27-a0-684-g359e429f13 (webtiles) character file.

Game seed: 6405980504162788283

3454 Aapotti the Stinger (level 9, 0/72 HPs)
             Began as a Demigod Venom Mage on Mar 20, 2021.
             Shot with an arrow by a centaur (10 damage)
             ... on level 7 of the Dungeon.
             The game lasted 00:44:59 (10848 turns).

Aapotti the Stinger (Demigod Venom Mage)           Turns: 10848, Time: 00:45:00

Health: 0/72       AC:  5    Str:  9    XL:     9   Next: 49%
Magic:  12/20      EV: 12    Int: 29    God:
Gold:   253        SH:  0    Dex: 14    Spells: 2/18 levels left

rFire    . . .     SeeInvis +   a - +1 dagger (elec)
rCold    . . .     Faith    .   (no shield)
rNeg     + . .     Spirit   .   y - +0 robe
rPois    .         Reflect  .   n - +0 helmet
rElec    .         Harm     .   l - +1 cloak
rCorr    .         Rampage  .   (no gloves)
Will     .....                  (no boots)
Stlth    ++........             (no amulet)
HPRegen  0.22/turn              D - ring of positive energy
MPRegen  0.17/turn              F - ring of see invisible

@: no status effects
A: high mp 1, forlorn
a: no special abilities


You were on level 7 of the Dungeon.
You visited 1 branch of the dungeon, and saw 7 of its levels.
You also visited: Sewer.

You collected 253 gold pieces.

Inventory:

Hand Weapons
 a - a +1 dagger of electrocution (weapon)
 b - a +0 short sword of venom
Missiles
 c - 50 poisoned darts
 j - 3 curare-tipped darts (quivered)
 w - 11 boomerangs
Armour
 l - a +1 cloak (worn)
 n - a +0 helmet (worn)
 y - a +0 robe (worn)
Jewellery
 A - a ring of ice
 D - a ring of positive energy (right hand)
 F - a ring of see invisible (left hand)
Scrolls
 f - a scroll of noise {unknown}
 h - a scroll of silence {unknown}
 k - 3 scrolls of fear {unknown}
 o - a scroll of random uselessness {unknown}
 r - a scroll of teleportation {unknown}
 s - 2 scrolls of amnesia {unknown}
 t - 2 scrolls of fog {unknown}
 v - a scroll of acquirement {unknown}
 B - a scroll of torment {unknown}
 C - 2 scrolls of summoning {unknown}
 E - 3 scrolls of identify
Potions
 d - 2 potions of flight
 e - 2 potions of berserk rage
 g - a potion of attraction {unknown}
 i - a potion of lignification {unknown}
 m - a potion of brilliance {unknown}
 p - a potion of degeneration {unknown}
 q - 3 potions of curing
 u - a potion of might {unknown}
 x - a potion of haste {unknown}
 z - a potion of heal wounds {unknown}


   Skills:
 + Level 4.6 Fighting
 + Level 3.9 Short Blades
 - Level 2.8 Maces & Flails
 + Level 2.3 Dodging
 - Level 2.0 Stealth
 + Level 5.4 Spellcasting
 + Level 5.4 Conjurations
 - Level 2.0 Transmutations
 + Level 3.1 Air Magic
 + Level 6.1 Poison Magic


You had 2 spell levels left.
You knew the following spells:

 Your Spells              Type           Power      Damage    Failure   Level
a - Sting                 Tmut/Pois      100%       1d8       1%          1
b - Poisonous Vapours     Pois/Air       68%        N/A       1%          2
c - Mephitic Cloud        Conj/Pois/Air  36%        N/A       2%          3
d - Ignite Poison         Fire/Tmut/Pois 23%        N/A       6%          3
e - Stone Arrow           Conj/Erth      46%        3d9       6%          3
f - Olgreb's Toxic Radia  Pois           43%        N/A       4%          4

Your spell library contained the following spells:

 Spells                   Type           Power      Damage    Failure   Level
 Sandblast                Erth           14%        2d6       6%          1
 Passwall                 Tmut/Erth      10%        N/A       6%          2
 Petrify                  Tmut/Erth      13%        N/A       36%         4
 Lee's Rapid Deconstruct  Erth           3%         3d6*      86%         5


Dungeon Overview and Level Annotations

Branches:
Dungeon (7/15)             Temple (0/1) D:6           Sewer (visited)

Shops:
D:3 [

Portals:
Abyss: D:7

Annotations:
D:4 1 runed translucent door, Crazy Yiuf
D:7 2 transporters, DasRunzen's ghost, novice DgCj


Innate Abilities, Weirdness & Mutations

Your attributes grow dramatically as you level up.
You have an increased reservoir of magic. (+10% MP)
You shall have no god before yourself.


Message History

The centaur shoots an arrow.
The arrow hits you!
Casting: Mephitic Cloud (mildly dangerous; 2% risk of failure)
Confirm with . or Enter, or press ? or * to list all spells.
Aiming: Mephitic Cloud (mildly dangerous; 2% risk of failure)
Press: ? - help, Shift-Dir - straight line The ball explodes into a vile cloud!
The stinking cloud engulfs the centaur but does no damage.
You hear a shout!
The centaur shoots an arrow.
The arrow hits you!
The centaur shoots an arrow.
The arrow barely misses you.
Casting: Mephitic Cloud (mildly dangerous; 2% risk of failure)
Confirm with . or Enter, or press ? or * to list all spells.
Aiming: Mephitic Cloud (mildly dangerous; 2% risk of failure)
Press: ? - help, Shift-Dir - straight line The ball explodes into a vile cloud!
The stinking cloud engulfs the centaur but does no damage.
You hear a shout!
The centaur shoots an arrow.
The arrow hits you!
Unknown command.
The centaur shoots an arrow.
The arrow hits you.
The centaur shoots an arrow.
The arrow hits you!
The centaur shoots an arrow.
The arrow hits you!
* * * LOW HITPOINT WARNING * * *
The centaur shoots an arrow.
The arrow misses you.
Casting: Mephitic Cloud (mildly dangerous; 2% risk of failure)
Confirm with . or Enter, or press ? or * to list all spells.
You can't see any susceptible monsters within range! (Use Z to cast anyway.)
Casting: Mephitic Cloud (mildly dangerous; 2% risk of failure)
Confirm with . or Enter, or press ? or * to list all spells.
You don't know that spell.
Casting: Mephitic Cloud (mildly dangerous; 2% risk of failure)
Confirm with . or Enter, or press ? or * to list all spells.
Aiming: Mephitic Cloud (mildly dangerous; 2% risk of failure)
Press: ? - help, Shift-Dir - straight line
Okay, then.
The centaur shoots an arrow.
The arrow hits you!
* * * LOW HITPOINT WARNING * * *
Your magical contamination has completely faded away.
The centaur shoots an arrow.
The arrow hits you!
You die...

♣≈♣≈P.....###.##### ..#
≈≈≈P......###†##########...###
♣♣PP...........[.......)......
≈≈P...............[...........
≈PP.#.........................
PPP##.........................
PP.....#########.......c......
.......# #....##..##.###
.......# #@#####..# .#
.......# #.# ...# . #####..#
+.# ..# ...##### ### .# ....#
....# ...## ####


You could see a centaur.

Vanquished Creatures
  Sigmund (D:6)
  A human (D:2)
  Edmund (D:4)
  Duvessa (D:6)
  2 ice beasts
  2 sky beasts
  2 black bears (D:6)
  4 ogres
  A centaur (D:7)
  10 kobold brigands (Sewer)
  A bullfrog (D:6)
  Dowan (D:6)
  A wyvern skeleton (D:6)
  A scorpion (D:7)
  A howler monkey (D:5)
  4 hounds
  A jelly (D:6)
  2 orc priests
  A centaur skeleton (D:7)
  Natasha (D:3)
  6 orc wizards
  7 worker ants
  2 hound zombies
  A worker ant zombie (D:6)
  10 gnolls
  11 adders
  2 river rats (Sewer)
  2 ufetubi (D:5)
  5 oozes
  An adder zombie (D:6)
  5 worms
  2 dart slugs
  5 leopard geckos
  14 orcs
  8 giant cockroaches
  9 goblins
  9 hobgoblins
  8 jackals
  4 quokkas
  2 ball pythons (Sewer)
  7 bats
  9 frilled lizards
  13 kobolds
  A leopard gecko zombie (D:6)
  15 rats
197 creatures vanquished.

Vanquished Creatures (others)
  2 worms (D:2)
  14 plants
16 creatures vanquished.

Grand Total: 213 creatures vanquished

Notes
Turn   | Place    | Note
-------+----------+-------------------------------------------
     0 | D:1      | Aapotti the Demigod Venom Mage began the quest for the Orb.
     0 | D:1      | Reached XP level 1. HP: 14/14 MP: 5/5
    39 | D:1      | Reached skill level 3 in Poison Magic
   241 | D:1      | Reached skill level 1 in Transmutations
   331 | D:1      | Reached XP level 2. HP: 20/20 MP: 5/7
   363 | D:1      | Learned a level 2 spell: Poisonous Vapours
  1068 | D:1      | Reached XP level 3. HP: 27/27 MP: 0/8
  1138 | D:1      | Learned a level 3 spell: Mephitic Cloud
  1662 | D:2      | Reached skill level 1 in Fighting
  2003 | D:2      | Noticed a human
  2004 | D:2      | Found a runed translucent door.
  2582 | D:2      | Reached XP level 4. HP: 35/35 MP: 7/10
  2693 | D:2      | Killed a human
  2694 | D:2      | Reached skill level 1 in Conjurations
  2694 | D:2      | Reached skill level 1 in Air Magic
  2694 | D:2      | Reached XP level 5. HP: 33/41 MP: 3/11
  3319 | D:3      | Learned a level 3 spell: Ignite Poison
  3357 | D:3      | Noticed Natasha
  3360 | D:3      | Killed Natasha
  3679 | D:3      | Found Zotoiz's Armour Boutique.
  4130 | D:3      | Reached skill level 4 in Poison Magic
  4130 | D:3      | Reached XP level 6. HP: 48/48 MP: 5/13
  4595 | D:3      | You fall into a shaft and drop 1 floor!
  4600 | D:4      | Reached skill level 1 in Maces & Flails
  4662 | D:4      | Found a glowing drain.
  4669 | Sewer    | Entered a sewer
  5216 | Sewer    | Reached XP level 7. HP: 43/55 MP: 4/15
  6009 | Sewer    | Reached skill level 5 in Poison Magic
  6327 | Sewer    | Reached XP level 8. HP: 57/61 MP: 15/17
  6429 | D:4      | Noticed Edmund
  6474 | D:4      | Killed Edmund
  6475 | D:4      | Reached skill level 1 in Short Blades
  6732 | D:4      | Learned a level 3 spell: Stone Arrow
  7136 | D:4      | Found a runed translucent door.
  7137 | D:4      | Noticed Crazy Yiuf
  7572 | D:5      | Entered Level 5 of the Dungeon
  8670 | D:6      | Noticed Sigmund
  8694 | D:6      | Noticed Duvessa
  8864 | D:6      | Killed Sigmund
  8865 | D:6      | Reached skill level 6 in Poison Magic
  8959 | D:6      | Learned a level 4 spell: Olgreb's Toxic Radiance
  9001 | D:6      | Reached XP level 9. HP: 71/71 MP: 10/20
  9086 | D:6      | Noticed Dowan
  9093 | D:6      | Killed Duvessa
  9094 | D:6      | Reached skill level 5 in Spellcasting
  9104 | D:6      | Killed Dowan
  9105 | D:6      | Reached skill level 5 in Conjurations
  9983 | D:6      | Found a staircase to the Ecumenical Temple.
 10176 | D:7      | Found a transporter.
 10183 | D:7      | Found the ring of the Hare {EV+8}
 10184 | D:7      | Found a transporter.
 10185 | D:7      | Found a one-way gate to the infinite horrors of the Abyss.
 10185 | D:7      | Noticed DasRunzen's ghost (novice DgCj)
 10379 | D:7      | Identified the +6 spear "Eruo" {distort, Dex+3}
 10848 | D:7      | Shot with an arrow by a centaur

Illustrated notes

Levels and vault maps discovered:
D:1:      minmay_arrival_doors, layout_loops_ring
D:2:      layout_basic, dk_yredelemnul_ordeal
D:3:      layout_rooms, lemuel_coloured_pillars_altar, okawaru_gym_becter,
          makhleb_blood_cavern_becter, serial_shops, nicolae_shop_crystal,
          chequers_big_river, uniq_natasha
D:4:      layout_rooms, led_sif_pool, lightli_sewer_entry_pipes,
          uniq_crazy_yiuf_cottage, uniq_edmund
D:5:      layout_loops_cross, marbit_many_paths, old_standard_altar
D:6:      layout_cave_pools, old_standard_altar, temple_green, corexii_shack,
          uniq_duvessa, uniq_sigmund
D:7:      layout_gridville, gammafunk_ghost_abyssal_escape,
          serial_bayou_lagoon_a, kennysheep_generic_room_10

Skill      XL: |  1  2  3  4  5  6  7  8  9 |
---------------+----------------------------+-----
Poison Magic   | 3 4 5 6 |  6.1
Transmutations | 1 2 |  2.0
Stealth        | 2 |  2.0
Dodging        | 2 |  2.3
Spellcasting   | 2 3 4 5 |  5.4
Fighting       | 1 2 3 4 |  4.6
Conjurations   | 1 2 3 4 5 |  5.4
Air Magic      | 1 2 3 |  3.1
Maces & Flails | 1 2 |  2.8
Short Blades   | 3 |  3.9

Action                   |  1- 3 |  4- 6 |  7- 9 || total
-------------------------+-------+-------+-------++-------
Melee: Unarmed           |     2 |       |       ||     2
       Short sword       |    29 |    26 |    41 ||    96
       Whip              |       |    36 |       ||    36
       Dagger            |       |       |    62 ||    62
Throw: Dart              |       |       |     1 ||     1
 Cast: Sting             |    23 |     5 |     3 ||    31
       Poisonous Vapours |    58 |    90 |   164 ||   312
       Mephitic Cloud    |       |       |    18 ||    18
       Stone Arrow       |       |       |    14 ||    14
       Ignite Poison     |       |       |    10 ||    10
       Olgreb's Toxic Ra |       |       |     1 ||     1
  Use: Scroll            |       |     2 |       ||     2
Armor: Robe              |    12 |    18 |    16 ||    46
Dodge: Dodged            |    39 |    44 |    60 ||   143

Table legend: (Time is in decaauts)
 A = Elapsed time spent in this place.
 B = Non-inter-level travel time spent in this place.
 C = Inter-level travel time spent in this place.
 D = Time resting spent in this place.
 E = Time spent auto-exploring this place.
 F = Levels seen in this place.
 G = Mean time per level.
                   A        B        C        D        E       F      G
               +--------+--------+--------+--------+--------+-----+--------+
         Total |  11058 |  10953 |    105 |   4932 |   3984 |   8 | 1382.2 |
       Dungeon |   9198 |   9093 |    105 |   4004 |   3334 |   7 | 1314.0 |
         Sewer |   1860 |   1860 |      0 |    928 |    650 |   1 | 1860.0 |
               +--------+--------+--------+--------+--------+-----+--------+

Top non-repeatable levels by time:
   Sewer: 1860 daAuts
     D:1: 1720 daAuts
     D:2: 1523 daAuts
     D:5: 1446 daAuts
     D:3: 1364 daAuts
     D:4: 1319 daAuts
     D:6: 1131 daAuts
     D:7: 693 daAuts
